Map: Incorporeal LE

Players

ShoWTimE - Winner!

  • Race: Protoss Protoss
  • Spawn Location: 11:00

Cyan

  • Race: Protoss Protoss
  • Spawn Location: 5:00

Event: Esports World Cup 2025

VOD

Have the link to the VOD?

Description

Time

  • Played on: July 23, 2025, 6:45 a.m.
  • Length: 6:46

All games in this series

Show
View Real Time Build Order
Export as new Build Order

ShoWTimE Protoss - Winner!

Build Orders:  

Get SALT Encoding   

  12  0:00  Probe  
  13  0:12  Probe  
  14  0:17  Pylon  
  14  0:23  Probe  
  15  0:31  Probe  
  15  0:35  Gateway  
  15  0:39  Probe  
  16  0:45  Assimilator  
  17  0:51  Probe  
  17  0:53  Assimilator  
  18  0:59  Probe  
  19  1:06  Gateway  
  19  1:07  Probe  
  19  1:17  Probe  
  20  1:22  Cybernetics Core  
  21  1:29  Probe  
  22  1:42  Pylon  
  22  1:43  Probe  
  23  1:59  Warp Gate  
  23  2:00  Adept x2  
  27  2:03  Robotics Facility  
  27  2:14  Pylon  
  27  2:30  Adept x2  
  27  2:35  Gateway  
  31  2:40  Warp Prism  
  32  3:07  Immortal, Sentry  
  34  3:16  Pylon  
  38  3:46  Immortal  
  40  4:01  Stalker x3  
  44  4:04  Pylon  
  44  4:16  Immortal  
  48  4:35  Adept x3  
  54  4:44  Pylon  
  52  5:02  Immortal  
  52  5:05  Sentry x2  
  60  5:10  Adept  
  62  5:17  Pylon  
  58  5:37  Adept x3  
  48  6:10  Stalker x3  
  48  6:34  Stalker, Adept  
Show
View Real Time Build Order
Export as new Build Order

Cyan Protoss 

Build Orders: 1 Gate Expand 

Get SALT Encoding   

  12  0:00  Probe  
  13  0:12  Probe  
  14  0:17  Pylon  
  14  0:23  Probe  
  15  0:32  Probe  
  15  0:36  Gateway  
  15  0:40  Probe  
  16  0:45  Assimilator  
  17  0:51  Probe  
  18  1:03  Probe  
  19  1:15  Probe  
  20  1:21  Nexus  
  20  1:30  Cybernetics Core  
  20  1:33  Probe  
  20  1:38  Assimilator  
  21  1:45  Probe  
  22  1:47  Warp Gate  
  22  1:49  Pylon  
  22  1:57  Probe  
  23  2:06  Sentry  
  25  2:10  Probe  
  26  2:17  Shield Battery  
  26  2:22  Probe  
  27  2:29  Sentry  
  29  2:34  Probe x2  
  31  2:43  Gateway  
  31  2:46  Probe x2  
  31  2:49  Stalker  
  33  2:55  Gateway  
  35  3:00  Probe  
  36  3:10  Shield Battery  
  36  3:12  Shield Battery  
  36  3:13  Probe x2  
  38  3:23  Shield Battery  
  38  3:30  Pylon  
  38  3:36  Stalker  
  37  3:43  Stalker  
  39  3:50  Stalker  
  39  3:51  Probe  
  40  3:56  Probe  
  40  4:00  Pylon  
  40  4:03  Probe  
  40  4:06  Sentry  
  40  4:08  Probe  
  44  4:10  Sentry  
  46  4:19  Stalker  
  48  4:28  Stargate  
  48  4:32  Stalker  
  48  4:37  Shield Battery  
  50  4:39  Probe  
  51  4:46  Shield Battery  
  51  4:53  Stalker  
  51  4:57  Stalker  
  55  5:00  Shield Battery  
  55  5:04  Pylon  
  55  5:05  Phoenix  
  57  5:14  Probe x2  
  59  5:26  Adept x3  
  65  5:32  Pylon  
  57  5:47  Phoenix  
  55  5:52  Stalker  
  55  5:55  Adept  
  51  6:00  Adept  
  34  6:16  Stalker x2  
  28  6:28  Stalker  
Tags
 
Add a new tag
Caveats
  • Supply blocks, unpowered buildings, or Contaminate may cause inaccurate times.
  • Supply counts are checked every 10 seconds.